 Dungeon Crawl Stone Soup version 0.32-a0-961-gd60f5e5fc7 (webtiles) character file.

Game seed: 13690024499972732761

411 drunkbafoobis the Chopper (level 6, -1/49 HPs)
             Began as a Coglin Gladiator on Apr 17, 2024.
             Slain by a hound (4 damage)
             ... on level 4 of the Dungeon.
             The game lasted 00:03:32 (2410 turns).

drunkbafoobis the Chopper (Coglin Gladiator)        Turns: 2410, Time: 00:03:32

Health: -1/49      AC:  4    Str: 16    XL:     6   Next: 90%
Magic:  6/6        EV: 11    Int:  7    God:
Gold:   164        SH:  0    Dex: 16    Spells: 5/5 levels left

rFire   . . .        a - +0 war axe {Ari}
rCold   . . .        f - +0 dagger {Akal}
rNeg    . . .        b - +0 leather armour
rPois   .            c - +0 helmet
rElec   .            (no cloak)
rCorr   .            (no gloves)
SInv    .            (no boots)
Will    .....        (amulet unavailable)
Stlth   +            (ring unavailable)
HPRegen 0.28/turn    (ring unavailable)
MPRegen 0.10/turn    (no gizmo)

%: no passive effects
@: revved
A: off-hand wielding, slow wielding, warmup strikes, no jewellery
a: Invent Gizmo


You were on level 4 of the Dungeon.
You visited 1 branch of the dungeon, and saw 4 of its levels.

You collected 164 gold pieces.


Innate Abilities, Weirdness & Mutations

You can wield a second weapon in your off-hand.
It takes a long time for you to wield or remove held weapons.
Your first few attacks do less damage.
You cannot equip rings or amulets.


   Skills:
 + Level 4.4 Fighting
 * Level 6.3 Axes
 - Level 1.7 Throwing
 - Level 2.6 Dodging


You had 5 spell levels left.
You didn't know any spells.
Your spell library contained the following spells:

 Spells                   Type           Power      Damage    Failure   Level
 Freeze                   Ice            0%         1d3       50%         1
 Frozen Ramparts          Ice            0%         1d1       86%         3
 Hailstorm                Conj/Ice       0%         3d5       86%         3

Inventory:

Hand Weapons
 a - a +0 war axe (weapon) {Ari}
 f - a +0 dagger (offhand) {Akal}
Missiles
 d - 3 throwing nets (quivered) {=f!f}
 e - a javelin
 g - 25 stones
Armour
 b - a +0 leather armour (worn)
 c - a +0 helmet (worn)
 o - a scarf of invisibility
   (You found it on level 2 of the Dungeon)
Jewellery
 Z - a ring of wizardry
   (You found it on level 2 of the Dungeon)
Wands
 x - a wand of iceblast (3)
   (You took it off a goblin on level 3 of the Dungeon)
Scrolls
 i - a scroll of fog {unknown}
 k - 7 scrolls of identify {unknown}
 l - a scroll of immolation {unknown}
 m - a scroll of enchant armour {unknown}
 n - 2 scrolls of teleportation {unknown}
 r - 2 scrolls of blinking {unknown}
 u - a scroll of brand weapon {unknown}
 y - a scroll of vulnerability {unknown}
Potions
 h - a potion of resistance {unknown}
 j - 6 potions of curing {unknown}
 p - 2 potions of brilliance {unknown}
 q - a potion of berserk rage {unknown}
 s - a potion of attraction {unknown}
 t - a potion of invisibility {unknown}
 v - a potion of cancellation {unknown}
 w - a potion of heal wounds {unknown}

Dungeon Overview and Level Annotations

Branches:
Dungeon (4/15) Zot: 21566
 Temple: D:4-7

Altars:
Cheibriados
Fedhas
Kikubaaqudgha

Shops:
D:2

[ #.##.. ##...
##.##<# #....
..##.# #....
#.##.## #.#.#
##.....#
#.#.####...#).#
#.#.#..†..)†).##
###.#....#..)##?.#
.....†...##.####@#
###........(# #h#
#...####### #.#
#.### #.# #.# #.#
#.# #.# #.. #.#
### #.#


You could see a hound.


Message History

A goblin comes into view. It is wielding a +0 club.
The goblin shouts!
You hear a shout! x3
The goblin shouts!
The hobgoblin barely misses you.
You hit the hobgoblin with your +0 war axe.
You hit the hobgoblin with your +0 dagger.
You kill the hobgoblin!
You hear the slow hiss of a very distant avalanche of sand.
Robin of the Strong Arm comes into view.
They are wielding a +0 short sword.
You closely miss the goblin with your +0 dagger.
You miss the goblin with your +0 war axe.
The goblin closely misses you.
Robin throws the goblin at you! 😮 HP[+1]
Found a stone staircase leading up.
A goblin comes into view. It is wielding a +0 club.
The goblin hits you with a +0 club. The goblin completely misses you.
You see here a hobgoblin corpse. 😮 HP[-1]
You take 1 damage, and now have 31/49 hp.
You hit the goblin with your +0 dagger.
You slash the goblin with your +0 war axe!
You kill the goblin!
You barely miss the goblin with your +0 war axe.
You closely miss the goblin with your +0 war axe.
The goblin hits you but does no damage. The goblin closely misses you.
You hit Robin but do no damage. You hit Robin with your +0 war axe.
You closely miss the goblin with your +0 war axe. x2
The goblin closely misses you.
A hobgoblin comes into view.
The goblin closely misses you.
Robin roars a battlecry!
The goblins go into a battle-frenzy!
The hobgoblin shouts! 😮 HP[+1]
You hit Robin with your +0 dagger. You hit Robin with your +0 war axe.
You hit the goblin with your +0 war axe. x2
You kill the goblin!
You hear a bark!
The goblin hits you but does no damage. Robin barely misses you.
You hit Robin with your +0 dagger. You slash Robin with your +0 war axe!
You kill Robin!
You hit the goblin but do no damage.
You hit the goblin with your +0 war axe.
The goblin hits you with a +0 dagger. The goblin misses you. 😮 HP[-4]
You take 4 damage, and now have 28/49 hp.
You slash the hobgoblin with your +0 war axe!
You kill the hobgoblin!
You slash the goblin with your +0 war axe!
You kill the goblin!
You hit the goblin with your +0 war axe.
You kill the goblin! 😮 HP[+1]
Items here: )) [[ ††.
A hound comes into view.
You see here a scroll labelled ITERHE HOXU.
The hound bites you. 😮 HP[-3]
You take 3 damage, and now have 26/49 hp.
You closely miss the hound with your +0 dagger.
You barely miss the hound with your +0 war axe.
The hound bites you. x2
* * * LOW HITPOINT WARNING * * *
😨 HP[-5]
You take 5 damage, and now have 21/49 hp.
You hit the hound with your +0 dagger. You hit the hound with your +0 war axe.
The hound bites you.
* * * LOW HITPOINT WARNING * * *
The hound bites you.
* * * LOW HITPOINT WARNING * * *
😨 HP[-4]
You take 4 damage, and now have 17/49 hp.
You closely miss the hound with your +0 war axe.
You closely miss the hound with your +0 dagger.
The hound closely misses you.
You hit the hound with your +0 dagger.
You closely miss the hound with your +0 war axe.
The hound bites you.
* * * LOW HITPOINT WARNING * * *
The hound bites you.
* * * LOW HITPOINT WARNING * * *
😱 HP[-5]
You take 5 damage, and now have 12/49 hp.
You hit the hound with your +0 dagger.
You closely miss the hound with your +0 war axe.
The hound closely misses you. The hound barely misses you.
You barely miss the hound with your +0 war axe.
You hit the hound with your +0 dagger. The hound bites you.
* * * LOW HITPOINT WARNING * * *
😱 HP[-5]
You take 5 damage, and now have 7/49 hp.
You hit the hound but do no damage.
You closely miss the hound with your +0 war axe.
The hound closely misses you. x2 😱 HP[+1]
You closely miss the hound with your +0 war axe.
You hit the hound but do no damage. The hound bites you.
* * * LOW HITPOINT WARNING * * *
The hound bites you.
You die...

Skill      XL: |  1  2  3  4  5  6 |
---------------+-------------------+-----
Axes           | 4 5 6 |  6.3
Fighting       | 3 4 |  4.4
Throwing       | |  1.7
Dodging        | |  2.6

Action                     |  1- 3 |  4- 6 || total
---------------------------+-------+-------++-------
  Melee: War axe           |    75 |    71 ||   146
         Dagger            |    67 |    63 ||   130
  Evoke: Wand              |       |     4 ||     4
   Stab: Sleeping          |       |     2 ||     2
 Armour: Leather armour    |    41 |    45 ||    86
  Dodge: Dodged            |    50 |    54 ||   104

Levels and vault maps discovered:
D:1:      amcnicky_arrival_abandoned_market, layout_basic, dk_noncrumbling_3
D:2:      layout_basic, shapermc_ecumenical_altar_starsandcircs, serial_shops,
          shop
D:3:      minmay_evil_eye, layout_rooms, mainiacjoe_overflow_big_doors,
          kiku_gazebo_garden_becter, serial_glass, glass_columns_a,
          glass_columns_b, feat_on_display, feat_on_display, due_unseen_surprise
D:4:      layout_loops_ring, enter_ossuary_2, uniq_robin, uniq_natasha,
          uniq_grinder, uniq_menkaure

Notes
Turn   | Place    | Note
-------+----------+-------------------------------------------
     0 | D:1      | drunkbafoobis the Coglin Gladiator began the quest for the
                  | Orb.
     0 | D:1      | Reached XP level 1. HP: 16/16 MP: 1/1
     0 | D:1      | magus.rc [v1.11.7]
    75 | D:1      | Reached XP level 2. HP: 21/22 MP: 2/2
   345 | D:1      | Reached XP level 3. HP: 28/28 MP: 3/3
   711 | D:2      | Found a faded altar of an unknown god.
   765 | D:2      | Reached skill level 4 in Axes
   824 | D:2      | You add the spells Freeze, Frozen Ramparts and Hailstorm to
                  | your library.
  1108 | D:2      | Found Zucaru's Armour Shop.
  1591 | D:3      | Reached XP level 4. HP: 32/34 MP: 4/4
  1711 | D:3      | Found an ancient bone altar of Kikubaaqudgha.
  1738 | D:3      | Reached skill level 3 in Fighting
  2029 | D:3      | Noticed an ice beast
  2035 | D:3      | HP: 6/35 [ice beast (5)]
  2040 | D:3      | Killed an ice beast
  2041 | D:3      | Reached skill level 5 in Axes
  2041 | D:3      | Reached XP level 5. HP: 9/42 MP: 5/5
  2299 | D:3      | Found a snail-covered altar of Cheibriados.
  2304 | D:3      | Found a blossoming altar of Fedhas.
  2343 | D:4      | Noticed Natasha
  2348 | D:4      | Killed Natasha
  2349 | D:4      | Reached XP level 6. HP: 40/48 MP: 6/6
  2370 | D:4      | Noticed Menkaure
  2370 | D:4      | Noticed Natasha
  2372 | D:4      | Killed Natasha
  2375 | D:4      | Killed Menkaure
  2376 | D:4      | Reached skill level 4 in Fighting
  2376 | D:4      | Reached skill level 6 in Axes
  2392 | D:4      | Noticed Robin
  2398 | D:4      | Killed Robin
  2406 | D:4      | HP: 12/49 [hound (1)]
  2410 | D:4      | HP: 3/49 [hound (5)]
  2410 | D:4      | Slain by a hound

Vanquished Creatures
  Menkaure (D:4)
  An ice beast (D:3)
  An iguana (D:3)
  Natasha (twice) (D:4)
  Robin (D:4)
  3 adders
  A gnoll (D:3)
  2 dart slugs (D:1)
  2 ribbon worms (D:2)
  3 ball pythons (D:1)
  9 bats
  5 endoplasms
  6 giant cockroaches
  7 goblins
  6 hobgoblins
  9 jackals
  3 quokkas
  5 frilled lizards
  3 kobolds
  3 rats
73 creatures vanquished.

Table legend:
 A = Non-vault XP
 B = Vault XP
 C = Vault XP percentage of total XP
 D = Non-vault monster count
 E = Vault monster count
 F = Vault count percentage of total count
                 A         B        C        D         E       F
            +---------+---------+-------+---------+---------+-------
      Total |     205 |     383 |  65.1 |      60 |      13 |  17.8
            +---------+---------+-------+---------+---------+-------
        D:1 |      46 |       0 |   0.0 |      26 |       0 |   0.0
        D:2 |      21 |       0 |   0.0 |       9 |       0 |   0.0
        D:3 |      86 |     147 |  63.1 |      22 |       4 |  15.4
        D:4 |      52 |     236 |  81.9 |       3 |       9 |  75.0
            +---------+---------+-------+---------+---------+-------

Skill      XL: |  1  2  3  4  5  6 |
---------------+-------------------+-----
Axes           | 4 5 6 |  6.3
Fighting       | 3 4 |  4.4
Throwing       | |  1.7
Dodging        | |  2.6

Action                     |  1- 3 |  4- 6 || total
---------------------------+-------+-------++-------
  Melee: War axe           |    75 |    71 ||   146
         Dagger            |    67 |    63 ||   130
  Evoke: Wand              |       |     4 ||     4
   Stab: Sleeping          |       |     2 ||     2
 Armour: Leather armour    |    41 |    45 ||    86
  Dodge: Dodged            |    50 |    54 ||   104

Illustrated notes

Table legend:
 A = Kills in this place as a percentage of kills in the entire game.
 B = Kills by you in this place as a percentage of kills by you in the entire game.
 C = Kills by friends in this place as a percentage of kills by friends in the entire game.
 D = Other kills in this place as a percentage of other kills in the entire game.
 E = Experience gained in this place as a percentage of experience gained in the entire game.
 F = Experience gained in this place divided by the number of levels of this place that you have seen.
                   A       B       C       D       E      F
               +-------+-------+-------+-------+-------+----------------------
         Total | 100.0 | 100.0 |   N/A |   N/A | 100.0 | 147.0
       Dungeon | 100.0 | 100.0 |   N/A |   N/A | 100.0 | 147.0
               +-------+-------+-------+-------+-------+----------------------

Table legend: (Time is in decaauts)
 A = Elapsed time spent in this place.
 B = Non-inter-level travel time spent in this place.
 C = Inter-level travel time spent in this place.
 D = Time resting spent in this place.
 E = Time spent auto-exploring this place.
 F = Levels seen in this place.
 G = Mean time per level.
                   A        B        C        D        E       F      G
               +--------+--------+--------+--------+--------+-----+--------+
         Total |   2432 |   2356 |     76 |      0 |   1905 |   4 |  608.0 |
       Dungeon |   2432 |   2356 |     76 |      0 |   1905 |   4 |  608.0 |
               +--------+--------+--------+--------+--------+-----+--------+

Top non-repeatable levels by time:
     D:2: 882 daAuts
     D:3: 784 daAuts
     D:1: 696 daAuts
     D:4: 68 daAuts
